 Dungeon Crawl Stone Soup version 0.28-a0-533-g9f97627e2a (webtiles) character file.

Game seed: 7435414830094065208

8362 tatocazan the Fighter (level 11, -5/89 HPs)
             Began as a Demonspawn Fighter on Sept 25, 2021.
             Was a Follower of Uskayaw.
             Slain by a fire elemental (9 damage)
             ... summoned by a deep elf pyromancer
             ... on level 9 of the Dungeon.
             The game lasted 00:16:18 (16997 turns).

tatocazan the Fighter (Demonspawn Fighter)         Turns: 16997, Time: 00:16:18

Health: -5/89      AC: 15    Str: 19    XL:     11   Next: 8%
Magic:  11/11      EV:  6    Int: 10    God:    Uskayaw [*.....]
Gold:   531        SH:  0    Dex: 19    Spells: 10/10 levels left

rFire   . . .      SeeInvis +   a - +0 war axe
rCold   . . .      Faith    .   c - +0 buckler
rNeg    . . .      Spirit   .   z - +0 plate armour
rPois   .          Reflect  .   (helmet unavailable)
rElec   .          Harm     .   s - +0 cloak
rCorr   .          Rampage  .   (no gloves)
Will    .....                   (no boots)
Stlth   ..........              (no amulet)
HPRegen 0.24/turn               e - +6 ring of dexterity
MPRegen 0.12/turn               (no ring)

@: confused
A: antennae 3, large bone plates 1, demonic guardian 1, powered by pain 1
a: Renounce Religion, Stomp


You were on level 9 of the Dungeon.
You worshipped Uskayaw.
Uskayaw was noncommittal.
You visited 2 branches of the dungeon, and saw 10 of its levels.

You collected 531 gold pieces.

Inventory:

Hand Weapons
 a - a +0 war axe (weapon)
Missiles
 B - 6 javelins (quivered)
 C - 5 throwing nets
Armour
 c - a +0 buckler (worn)
 s - a +0 cloak (worn)
 z - a +0 plate armour (worn)
Jewellery
 b - a ring of positive energy
 e - a +6 ring of dexterity (left hand)
 i - a ring of resist corrosion
 t - a ring of protection from cold
 y - an amulet of faith
 D - a ring of wizardry
Wands
 f - a wand of polymorph (8)
 q - a wand of flame (19)
 u - a wand of iceblast (8)
 v - a wand of digging (5)
Scrolls
 g - 2 scrolls of summoning
 k - 2 scrolls of identify
 n - 3 scrolls of teleportation
 p - a scroll of vulnerability
 E - a scroll of magic mapping {unknown}
 F - a scroll of amnesia
 G - a scroll of brand weapon {unknown}
Potions
 d - a potion of resistance {unknown}
 l - 2 potions of brilliance
 m - 2 potions of mutation
 o - a potion of haste
 r - a potion of flight
 w - 3 potions of heal wounds


   Skills:
 + Level 9.2 Fighting
 + Level 8.2 Axes
 + Level 8.4 Armour
 + Level 8.4 Shields


You had 10 spell levels left.
You didn't know any spells.
Your spell library contained the following spells:

 Spells                   Type           Power      Damage    Failure   Level
 Foxfire                  Conj/Fire      0%         2x1d4     100%        1
 Magic Dart               Conj           0%         1d3       100%        1
 Corpse Rot               Necr/Air       N/A        N/A       100%        2
 Passwall                 Tmut/Erth      0%         N/A       100%        2
 Searing Ray              Conj           0%         2d4       100%        2
 Static Discharge         Conj/Air       0%         N/A       100%        2
 Conjure Flame            Conj/Fire      0%         6-21      100%        3
 Inner Flame              Hex/Fire       0%         N/A       100%        3
 Ozocubu's Armour         Ice            0%         N/A       100%        3
 Stone Arrow              Conj/Erth      0%         3d7       100%        3
 Swiftness                Air            0%         N/A       100%        3
 Animate Armour           Summ/Erth      0%         N/A       100%        4
 Dispel Undead            Necr           0%         3d6       100%        4
 Flame Wave               Conj/Fire      0%         3d3       100%        4
 Fulminant Prism          Conj/Hex       0%         3d6       100%        4
 Sticky Flame             Conj/Fire      0%         2d3       100%        4
 Death Channel            Necr           0%         N/A       100%        6
 Invisibility             Hex            0%         N/A       100%        6
 Ozocubu's Refrigeration  Ice            0%         4d5       100%        7
 Lehudib's Crystal Spear  Conj/Erth      0%         10d2      100%        8


Dungeon Overview and Level Annotations

Branches:
Dungeon (9/15)             Temple (1/1) D:7
   Lair: D:8-11         Orc: D:9-12

Altars:
Dithmenos
Okawaru
Qazlal
Ru
Sif Muna
Uskayaw
Zin

Shops:
D:6 =


Innate Abilities, Weirdness & Mutations

You have a pair of large antennae on your head. (SInv)
You are partially covered in large bone plates. (SH +4)
A weak demonic guardian rushes to your aid.
You sometimes gain a little power by taking damage.


Message History

Your quasit claws the swamp drake.
The swamp drake bites your quasit. The fire elemental hits you.
The fire elemental burns you!
* * * LOW HITPOINT WARNING * * *
The deep elf pyromancer is engulfed in noxious fumes.
The deep elf pyromancer appears confused.
You see here a +0 hand axe.
You take 12 damage, and have 17/89 hp.
You feel sick.
Your quasit bites the swamp drake.
Your quasit closely misses the swamp drake.
Your quasit claws the swamp drake but does no damage.
The swamp drake breathes poison at your quasit.
The noxious blast engulfs your quasit but does no damage.
The deep elf pyromancer is engulfed in noxious fumes.
The deep elf pyromancer appears confused.
The deep elf pyromancer hits your quasit with a +0 long sword.
Your quasit dies!
Your quasit disappears in a puff of smoke!
You take 1 damage, and have 16/89 hp.
You feel sick.
You are no longer poisoned.
The swamp drake breathes poison at you.
The noxious blast engulfs the fire elemental but does no damage.
The deep elf pyromancer is engulfed in noxious fumes.
The deep elf pyromancer appears confused.
The deep elf pyromancer hits the iron imp but does no damage.
The fire elemental barely misses you.
You are engulfed in noxious fumes.
You choke on the stench!
You are more confused.
The deep elf pyromancer is engulfed in noxious fumes.
The deep elf pyromancer hits the swamp drake with a +0 long sword!
The swamp drake dies!
You're too confused to move!
You are engulfed in noxious fumes.
You choke on the stench!
You are more confused.
* * * LOW HITPOINT WARNING * * *
The fire elemental hits you. The fire elemental burns you!
* * * LOW HITPOINT WARNING * * *
You take 12 damage, and have 4/89 hp.
The fire elemental hits you. The fire elemental burns you!
You die...

##.....#
#.).○○○#..##
#......#
#......#5[#
.......#
{##5##'##5.#
.......# # #.
#e5# .......# ##
#..# #......#
#))# ##.....#
#..# .##...##
#####☼## .###'##
#..@E.# ># #.#
#.##### .###.#
#.# ..##.## #.#
..#...## #.#
.......## #.#
#.#.....######.#
......#........#
#<###...########


You could see a fire elemental (summoned).

Vanquished Creatures
  Harold (D:7)
  A two-headed ogre (D:9)
  An ugly thing (D:9)
  A cyclops (D:9)
  Joseph (D:7)
  Prince Ribbit (D:7)
  Sigmund (D:3)
  2 shadows
  A wyvern (D:9)
  2 humans (D:8)
  2 vampire mosquitoes (D:6)
  A steam dragon (D:6)
  Edmund (D:5)
  2 ice beasts
  4 orc warriors
  A black bear (D:5)
  A hornet zombie (D:7)
  An ogre (D:5)
  4 sky beasts
  2 centaurs
  2 kobold brigands
  6 bullfrogs
  4 scorpions
  A wyvern zombie (D:8)
  A gnoll sergeant (D:9)
  2 water moccasin skeletons
  9 wights
  A bullfrog zombie (D:6)
  A gnoll shaman (D:5)
  4 jellies
  Crazy Yiuf (D:3)
  2 hounds (D:5)
  5 orc priests
  2 centaur skeletons
  Jessica (D:2)
  Ijyb (D:5)
  2 iguanas
  4 orc wizards
  Terence (D:3)
  2 howler monkey zombies
  4 adders
  12 gnolls
  A shadow imp (D:5)
  A white imp (D:6)
  An ufetubus (D:4)
  2 worms (D:2)
  3 dart slugs
  27 orcs
  8 ball pythons
  4 bats (D:2)
  7 endoplasms
  2 giant cockroaches
  4 goblins
  9 hobgoblins
  9 jackals
  19 kobolds
  8 quokkas
  A frilled lizard (D:1)
  5 rats
210 creatures vanquished.

Vanquished Creatures (collateral kills)
  A two-headed ogre (D:9)
  A black bear (D:7)
  An ogre (D:6)
  An orc priest (D:6)
  A hound skeleton (D:5)
5 creatures vanquished.

Vanquished Creatures (others)
  A swamp drake (D:9)
  3 orc priests (D:9)
  2 orc wizards (D:9)
  3 orcs (D:9)
  3 plants (D:7)
12 creatures vanquished.

Grand Total: 227 creatures vanquished

Notes
Turn   | Place    | Note
-------+----------+-------------------------------------------
     0 | D:1      | tatocazan the Demonspawn Fighter began the quest for the
                  | Orb.
     0 | D:1      | Reached XP level 1. HP: 18/18 MP: 1/1
    42 | D:1      | Gained mutation: You have a pair of small antennae on your
                  | head. [demonic ancestry]
    42 | D:1      | Reached XP level 2. HP: 12/24 MP: 2/2
  1073 | D:1      | Reached XP level 3. HP: 19/29 MP: 3/3
  1988 | D:2      | Noticed Jessica
  1996 | D:2      | Killed Jessica
  1997 | D:2      | Gained mutation: You have a pair of antennae on your head.
                  | [demonic ancestry]
  1997 | D:2      | Reached XP level 4. HP: 16/35 MP: 4/4
  2176 | D:2      | Found a faded altar of an unknown god.
  2546 | D:3      | Noticed Sigmund
  2649 | D:3      | HP: 2/55 [something (1)]
  2652 | D:3      | Killed Sigmund
  2653 | D:3      | Reached skill level 4 in Fighting
  2653 | D:3      | Reached XP level 5. HP: 1/42 MP: 5/5
  3520 | D:3      | Gained mutation: A weak demonic guardian rushes to your
                  | aid. [demonic ancestry]
  3520 | D:3      | Reached XP level 6. HP: 42/48 MP: 6/6
  3721 | D:3      | Found a stormy altar of Qazlal.
  3758 | D:3      | Noticed Terence
  3767 | D:3      | Killed Terence
  4512 | D:3      | Found a runed translucent door.
  4513 | D:3      | Noticed Crazy Yiuf
  4521 | D:3      | Killed Crazy Yiuf
  5291 | D:4      | Gained mutation: You sometimes gain a little power by
                  | taking damage. [demonic ancestry]
  5291 | D:4      | Reached XP level 7. HP: 42/55 MP: 7/7
  6046 | D:4      | Reached skill level 5 in Fighting
  7268 | D:5      | Entered Level 5 of the Dungeon
  7278 | D:5      | Reached skill level 5 in Armour
  7278 | D:5      | Reached skill level 5 in Shields
  7278 | D:5      | Reached XP level 8. HP: 63/63 MP: 8/8
  7624 | D:5      | Noticed Edmund
  7640 | D:5      | Killed Edmund
  7756 | D:5      | Reached skill level 5 in Axes
  8086 | D:5      | Reached skill level 6 in Fighting
  8128 | D:5      | Noticed Ijyb
  8133 | D:5      | Killed Ijyb
  9569 | D:6      | Found Laowk's Jewellery Emporium.
  9592 | D:6      | Gained mutation: You are partially covered in large bone
                  | plates. (SH +4) [demonic ancestry]
  9592 | D:6      | Reached XP level 9. HP: 34/71 MP: 9/9
 10260 | D:6      | Reached skill level 7 in Fighting
 10851 | D:7      | Noticed Harold
 10866 | D:7      | Killed Harold
 11351 | D:7      | Noticed Joseph
 11363 | D:7      | Killed Joseph
 11367 | D:7      | Gained mutation: You have a pair of large antennae on your
                  | head. (SInv) [demonic ancestry]
 11367 | D:7      | Reached XP level 10. HP: 60/80 MP: 10/10
 11589 | D:7      | Found a staircase to the Ecumenical Temple.
 11604 | Temple   | Entered the Ecumenical Temple
 11653 | Temple   | Became a worshipper of Uskayaw the Reveller
 11839 | D:7      | Reached * piety under Uskayaw
 11841 | D:7      | Reached ** piety under Uskayaw
 11845 | D:7      | Reached *** piety under Uskayaw
 11852 | D:7      | Reached **** piety under Uskayaw
 12019 | D:7      | Reached skill level 8 in Fighting
 12481 | D:7      | Noticed Prince Ribbit
 12493 | D:7      | Killed Prince Ribbit
 13062 | D:8      | Found a sacrificial altar of Ru.
 13326 | D:8      | Found an iron altar of Okawaru.
 14160 | D:9      | Noticed a two-headed ogre
 14660 | D:9      | Noticed a two-headed ogre
 15015 | D:9      | Noticed a green ugly thing
 15027 | D:9      | Killed a green ugly thing
 15301 | D:9      | Killed a two-headed ogre
 16103 | D:9      | Noticed a cyclops
 16122 | D:9      | Killed a cyclops
 16123 | D:9      | Reached skill level 9 in Fighting
 16247 | D:9      | Killed a two-headed ogre
 16248 | D:9      | Reached XP level 11. HP: 81/89 MP: 11/11
 16978 | D:9      | Noticed a deep elf pyromancer
 16996 | D:9      | HP: 4/89 [fire elemental[a deep elf pyromancer] (11)]
 16997 | D:9      | Slain by a fire elemental

Illustrated notes

Levels and vault maps discovered:
D:1:      minmay_arrival_split_and_join, layout_basic
D:2:      layout_basic, ebering_ecumenical_altar_box, uniq_jessica
D:3:      cheibrodos_thug_alley, layout_basic, grunt_qazlal_clouds,
          chequers_serial_rivers_micro_b, uniq_crazy_yiuf_cottage, uniq_terence,
          uniq_sigmund
D:4:      layout_gridville
D:5:      layout_basic, serial_glass, glass_columns_c, glass_columns_a,
          kennysheep_cross_bottleneck, uniq_edmund, uniq_ijyb
D:6:      layout_loops_ring, serial_shops, nicolae_shop_trees, ldierk_geyser,
          hangedman_decor_opposing, grunt_ministairs_14
D:7:      layout_loops_ring, minmay_temple_entry_overgrown, uniq_joseph,
          uniq_harold, uniq_prince_ribbit1
D:8:      layout_loops_cross, kennysheep_little_box, okawaru_humans,
          enter_bailey_6
D:9:      layout_loops_corners, minivault_27, hangedman_minor_magic
Temple:   dpeg_five_rooms_temple

Skill      XL: |  1  2  3  4  5  6  7  8  9 10 |
---------------+-------------------------------+-----
Axes           | 2 3 4 5 6 8 |  8.2
Armour         | 3 4 5 6 7 8 |  8.4
Shields        | 3 4 5 6 7 8 |  8.4
Fighting       | 4 5 6 7 9 |  9.2

Action                   |  1- 3 |  4- 6 |  7- 9 | 10-12 || total
-------------------------+-------+-------+-------+-------++-------
Melee: War axe           |   105 |   146 |   394 |   261 ||   906
Throw: Throwing net      |       |       |     1 |       ||     1
       Javelin           |       |       |       |     3 ||     3
Evoke: Wand              |       |       |     5 |     6 ||    11
  Use: Potion            |       |     3 |     3 |     4 ||    10
       Scroll            |       |       |    11 |     3 ||    14
 Stab: Paralysed         |       |       |       |    18 ||    18
       Distracted        |       |       |       |     1 ||     1
       Invisible         |       |       |       |     1 ||     1
Armor: Scale mail        |    42 |    53 |    43 |       ||   138
       Plate armour      |       |       |   214 |   128 ||   342
Dodge: Dodged            |    51 |    83 |   101 |    58 ||   293
Block: Buckler           |    37 |    36 |   135 |   138 ||   346

Table legend: (Time is in decaauts)
 A = Elapsed time spent in this place.
 B = Non-inter-level travel time spent in this place.
 C = Inter-level travel time spent in this place.
 D = Time resting spent in this place.
 E = Time spent auto-exploring this place.
 F = Levels seen in this place.
 G = Mean time per level.
                   A        B        C        D        E       F      G
               +--------+--------+--------+--------+--------+-----+--------+
         Total |  17233 |  16837 |    396 |   6151 |   8483 |  10 | 1723.3 |
       Dungeon |  17150 |  16786 |    364 |   6151 |   8443 |   9 | 1905.6 |
        Temple |     82 |     50 |     32 |      0 |     40 |   1 |   82.0 |
               +--------+--------+--------+--------+--------+-----+--------+

Top non-repeatable levels by time:
     D:3: 2905 daAuts
     D:9: 2453 daAuts
     D:7: 2046 daAuts
     D:4: 1971 daAuts
     D:5: 1932 daAuts
     D:6: 1712 daAuts
     D:8: 1600 daAuts
     D:1: 1487 daAuts
     D:2: 1039 daAuts
  Temple: 82 daAuts
